 Dungeon Crawl Stone Soup version 0.18.1-50-g88ac8fd (webtiles) character file.

1325 varam the Covert (level 8, 0/55 HPs)
             Began as a Vampire Summoner on Oct 22, 2016.
             Slain by an unseen horror (12 damage)
             ... on level 5 of the Dungeon.
             The game lasted 00:24:43 (8457 turns).

varam the Covert (Vampire Summoner)                 Turns: 8457, Time: 00:24:45

Health: 0/55       AC:  0    Str:  7    XL:     8   Next: 34%
Magic:  2/14       EV: 21    Int: 19    God:
Gold:   384        SH:  0    Dex: 20    Spells: 4 memorised, 6 levels left

rFire  . . .     SeeInvis +     (weapon currently unavailable)
rCold  . . .     Gourm    .     (armour currently unavailable)
rNeg   + . .     Faith    .     (shield currently unavailable)
rPois  .         Spirit   .     (helmet currently unavailable)
rElec  .         Dismiss  .     (cloak currently unavailable)
rCorr  .         Reflect  .     (gloves currently unavailable)
SustAt .         Harm     .     (boots currently unavailable)
MR     .....                    (no amulet)
Stlth  +++++.....               (ring currently unavailable)
                                (ring currently unavailable)

@: bat-form, flying, very quick, not resistant to hostile enchantments, quite
stealthy
A: fangs 3, see invisible, (unbreathing)
a: End Transformation


You were on level 5 of the Dungeon.
You were not thirsty.
You were in vampire-bat-form.
You visited 2 branches of the dungeon, and saw 7 of its levels.

You collected 384 gold pieces.

Inventory:

Hand Weapons
 q - a +4 whip
 r - a +2 dagger of chaos (melded)
Missiles
 g - 78 stones (quivered)
Armour
 a - a +0 robe (melded)
 e - a +0 pair of gloves (melded)
 h - a +0 pair of boots (melded)
 j - a +1 hat (melded)
Jewellery
 u - an uncursed ring of magical power {unknown}
Wands
 k - a wand of slowing (13/48)
 G - a wand of digging (22/24)
Scrolls
 i - 2 scrolls of fear {unknown}
 l - a scroll of enchant weapon {unknown}
 m - 14 scrolls of identify {unknown}
 o - 2 scrolls of remove curse {unknown}
 s - 3 scrolls of fog {unknown}
 x - a scroll of teleportation {unknown}
 y - 3 scrolls of magic mapping {unknown}
 z - a scroll of enchant armour {unknown}
 D - a scroll of immolation {unknown}
Potions
 c - 8 potions of blood
 d - a potion of cancellation {unknown}
 f - 4 potions of flight {unknown}
 n - 3 potions of ambrosia
 p - a potion of lignification {unknown}
 t - 3 potions of curing {unknown}
 v - a potion of invisibility {unknown}
 w - a potion of beneficial mutation {unknown}
 A - 2 potions of heal wounds {unknown}
 B - 2 potions of agility
 C - a potion of resistance {unknown}
 E - a potion of might {unknown}
 F - a potion of magic {unknown}
Books
 b - a book of Callings

   Spells                             Type                      Level
   a - Summon Small Mammal            Summoning                    1
   b - Call Imp                       Summoning                    2
   c - Call Canine Familiar           Summoning                    3
   d - Summon Guardian Golem          Hexes/Summoning              3
   e - Summon Lightning Spire         Summoning/Air                4
   f - Summon Ice Beast               Ice/Summoning                4


   Skills:
 + Level 1.7 Fighting
 + Level 3.1 Dodging
 + Level 8.3 Stealth
 + Level 4.5 Spellcasting
 * Level 8.0 Summonings


You had 6 spell levels left.
You knew the following spells:

 Your Spells              Type           Power        Failure   Level  Hunger
a - Call Imp              Summ           #####...     1%          2    #......
b - Summon Small Mammal   Summ           ####         1%          1    None
c - Call Canine Familiar  Summ           #####...     1%          3    ###....
d - Summon Ice Beast      Ice/Summ       ###.....     28%         4    ####...


Dungeon Overview and Level Annotations

Branches:
Dungeon (6/15)             Temple (1/1) D:5

Altars:
Ashenzari
Cheibriados
Dithmenos
Elyvilon
Fedhas
Gozag
Kikubaaqudgha
Makhleb
Pakellas
Qazlal
Ru
Xom
Yredelemnul
Zin
The Shining One


Innate Abilities, Weirdness & Mutations

You have razor-sharp teeth.
You have supernaturally acute eyesight.
((You can survive without breathing.))


Message History

The puff of frost hits you!
The orc wizard points at you and mumbles some strange words.
The puff of flame hits you!
The orc wizard mumbles some strange words.
The orc wizard seems to speed up.
Your hound barely misses the orc.
The orc wizard casts a spell at you. The puff of flame hits you!
* * * LOW HITPOINT WARNING * * *
You turn into a vampire bat.
Your +2 dagger of chaos melds into your body.
Your +1 hat melds into your body.
Your +0 pair of gloves melds into your body.
Your +0 pair of boots melds into your body.
Your +0 robe melds into your body.
The orc wizard completely misses you. The unseen horror hits you.
* * * LOW HITPOINT WARNING * * *
The orc wizard completely misses you. The unseen horror closely misses you.
The unseen horror hits you!
You die...

# #..................##.###
#.
#.##.......#.#####.##....
.##.###.##.......#.#
#.##.#.#
.............)...#.#
#.##....
#................#.#
#)...#.#
#....$.o.........#.#
#.#.....
#...........##.###.#
#.#####. #....%..>hZ.##.#
#.# #.# #. #.........o.##b#
#.# #.# #. #........o#.##x#
#.# #.### #.
#.........#.##o###.# #.#..
.. #............o.....#
#.#.# #.
#.........#....#.### #.#.#
#############.#.#######.#.#
#...........#.#
###.#######.#.#### #.#
#.......


You could see an unseen horror (invisible), an orc wizard and an orc.

Vanquished Creatures
  An ice beast (D:6)
  2 ogres
  A giant frog (D:6)
  2 howler monkeys
  A crimson imp (D:6)
  A jelly (D:5)
  A centaur skeleton (D:6)
  2 orc priests (D:5)
  A giant frog skeleton (D:6)
  3 worker ants
  An orc wizard (D:5)
  A hound skeleton (D:6)
  A worker ant zombie (D:6)
  A gnoll (D:1)
  6 adders
  An ooze (D:1)
  An adder skeleton (D:6)
  A worm (D:3)
  2 dart slugs (D:3)
  4 giant geckos
  9 orcs
  11 bats
  9 giant cockroaches
  11 goblins
  4 hobgoblins
  A jackal (D:6)
  3 quokkas
  2 ball pythons
  7 giant newts
  9 kobolds
  6 rats
106 creatures vanquished.

Vanquished Creatures (collateral kills)
  Grinder (D:5)
  The ghost of nikopol the Chopper, an amateur HOBe of Trog (D:3)
  An ogre (D:4)
  An orc priest (D:6)
  2 orc wizards
  A giant frog skeleton (D:4)
  Terence (D:3)
  11 gnolls
  5 adders
  A worm (D:3)
  A dart slug (D:1)
  12 orcs
  5 hobgoblins
  2 jackals
  2 quokkas
  A ball python (D:1)
  A bat (D:3)
  A goblin (D:1)
  A jackal skeleton (D:4)
  4 kobolds
  A rat (D:2)
56 creatures vanquished.

Grand Total: 162 creatures vanquished

Notes
Turn   | Place    | Note
--------------------------------------------------------------
     0 | D:1      | varam the Vampire Summoner began the quest for the Orb.
     0 | D:1      | Reached XP level 1. HP: 13/13 MP: 3/3
   101 | D:1      | Reached XP level 2. HP: 19/19 MP: 1/5
   829 | D:1      | Reached XP level 3. HP: 17/24 MP: 6/6
  1037 | D:1      | Learned a level 2 spell: Call Imp
  1958 | D:2      | Found a shattered altar of Ashenzari.
  2079 | D:2      | Reached XP level 4. HP: 29/30 MP: 7/7
  2534 | D:2      | Found a shimmering altar of Xom.
  2617 | D:3      | Noticed Terence
  2622 | D:3      | Noticed nikopol's ghost (amateur HOBe)
  2662 | D:2      | Reached skill level 5 in Summonings
  3040 | D:3      | Learned a level 3 spell: Call Canine Familiar
  3067 | D:3      | Reached skill level 5 in Stealth
  3294 | D:3      | Reached XP level 5. HP: 35/35 MP: 6/9
  3334 | D:3      | Found a shadowy altar of Dithmenos.
  3991 | D:4      | Reached XP level 6. HP: 20/41 MP: 4/10
  4245 | D:4      | Learned a level 4 spell: Summon Ice Beast
  5196 | D:4      | Found a stormy altar of Qazlal.
  5465 | D:3      | Found a glowing silver altar of Zin.
  5471 | D:3      | Found a glowing golden altar of the Shining One.
  5472 | D:3      | Found a white marble altar of Elyvilon.
  5530 | D:3      | Killed Terence
  6031 | D:3      | Killed nikopol's ghost
  6031 | D:3      | Reached XP level 7. HP: 46/46 MP: 0/12
  6136 | D:5      | Entered Level 5 of the Dungeon
  6505 | D:5      | Found a staircase to the Ecumenical Temple.
  6518 | Temple   | Entered the Ecumenical Temple
  6714 | D:5      | Noticed Grinder
  6740 | D:5      | Killed Grinder
  6957 | D:6      | Reached skill level 1 in Fighting
  6983 | D:6      | Reached XP level 8. HP: 27/54 MP: 14/14
  8442 | D:5      | Noticed an unseen horror
  8457 | D:5      | Slain by an unseen horror

Skill      XL: |  1  2  3  4  5  6  7  8 |
---------------+-------------------------+-----
Stealth        | 4 5 6 8 |  8.3
Summonings     | 5 6 7 8 |  8.0
Spellcasting   | 3 4 |  4.5
Fighting       | 1 |  1.7
Dodging        | 3 |  3.1

Action                   |  1- 3 |  4- 6 |  7- 9 || total
-------------------------+-------+-------+-------++-------
Melee: Dagger            |   133 |   178 |   127 ||   438
       Unarmed           |     8 |       |       ||     8
       Bite              |     8 |     8 |     7 ||    23
 Cast: Summon Small Mamm |    13 |       |       ||    13
       Call Imp          |     1 |    39 |    18 ||    58
       Call Canine Famil |       |    11 |    10 ||    21
 Abil: Bat Form          |       |       |     1 ||     1
  Use: Potion            |     4 |    14 |     8 ||    26
 Stab: Sleeping          |    12 |    15 |     9 ||    36
       Petrifying        |       |     1 |       ||     1
       Paralysed         |       |     1 |       ||     1
       Distracted        |       |       |     1 ||     1
Armor: Robe              |    44 |    62 |    25 ||   131
Dodge: Dodged            |   112 |   154 |   101 ||   367
